 Dungeon Crawl Stone Soup version 0.23-a0-435-g79ed067 (webtiles) character file.

33 Geeful the Sneak (level 3, 0/19 HPs)
             Began as a Kobold Enchanter on Nov 15, 2018.
             Slain by a worker ant (5 damage)
             ... on level 2 of the Dungeon.
             The game lasted 00:05:05 (1430 turns).

Geeful the Sneak (Kobold Enchanter)                 Turns: 1430, Time: 00:05:06

Health: 0/19       AC:  2    Str:  4 (6)  XL:     3   Next: 47%
Magic:  4/6        EV: 15    Int: 15 (16) God:
Gold:   133        SH:  0    Dex: 13 (15) Spells: 6/7 levels left

rFire    . . .     SeeInvis .   a - +1 dagger
rCold    . . .     Gourm    .   (shield restricted)
rNeg     + . .     Faith    .   c - +0 robe {rN+}
rPois    .         Spirit   .   (no helmet)
rElec    .         Reflect  .   (no cloak)
rCorr    .         Harm     .   (no gloves)
MR       .....                  (no boots)
Stlth    +++.......             (no amulet)
HPRegen  0.06/turn              (no ring)
MPRegen  0.10/turn              (no ring)

@: lethally poisoned (0 -> -6)
A: small, carnivore
a: no special abilities


You were on level 2 of the Dungeon.
You were full.

You visited 1 branch of the dungeon, and saw 2 of its levels.

You collected 133 gold pieces.

Inventory:

Hand Weapons
 a - a +1 dagger (weapon)
Armour
 c - a +0 robe of positive energy (worn)
Scrolls
 f - a scroll of remove curse {unknown}
 g - a scroll of fog {unknown}
 h - a scroll of teleportation {unknown}
 i - a scroll of identify {unknown}
Comestibles
 b - a chunk of flesh
 d - 2 rations


   Skills:
 + Level 2.2 Short Blades
 + Level 2.9 Dodging
 + Level 4.4 Stealth
 + Level 2.5 Spellcasting
 + Level 3.2 Hexes


You had 6 spell levels left.
You knew the following spells:

 Your Spells              Type           Power        Failure   Level  Hunger
a - Corona                Hex            ##.....      5%          1    #......

Your spell library contained the following spells:

 Spells                   Type           Power        Failure   Level  Hunger
 Ensorcelled Hibernation  Hex/Ice        #.....       16%         2    ###....
 Confuse                  Hex            ##......     16%         3    ###....
 Tukima's Dance           Hex            ##......     16%         3    ###....
 Dazzling Spray           Conj/Hex       #.....       32%         3    ###....


Dungeon Overview and Level Annotations

Branches:
Dungeon (2/15)

Altars:
Dithmenos


Innate Abilities, Weirdness & Mutations

You are small and have problems with some larger weapons.
You are carnivorous and can eat meat at any time.


Message History

Aim: a worker ant (lightly wounded, chance to defeat MR: 55%)
The worker ant struggles to resist.
The worker ant bites you.
You are poisoned.
The worker ant poisons you!
Casting: Corona (safe; 5% risk of failure)
Confirm with . or Enter, or press ? or * to list all spells.
Aiming: Corona (safe; 5% risk of failure)
Press: ? - help, Shift-Dir - straight line, f/p - worker ant
Aim: a worker ant (lightly wounded, chance to defeat MR: 55%)
The worker ant is outlined in light.
You feel sick. The worker ant misses you.
You barely miss the worker ant.
The worker ant is lightly wounded.
You feel sick. The worker ant bites you.
* * * LOW HITPOINT WARNING * * *
You are too injured to fight recklessly!
You are too injured to fight recklessly!
You completely miss the worker ant.
The worker ant is lightly wounded.
The worker ant bites you.
You die...

#. #<##.#............#..# .
#.##.#.[.......##.#..######
. #.
..#.........##.........#
...###.............÷.##.#.#
..............$#######....
.............# ####..
............#######.....
.....$.....(.......)##..
.......@##+##...######..
......a.#......## #..
............#.... #.#
###..##.#....###.# #.. ....
⌠.##+## ..# ##. .... ...
... . ..# #.. .#. .. #..


You could see a worker ant.

Vanquished Creatures
  An adder (D:2)
  3 bats (D:1)
  A giant cockroach (D:1)
  5 hobgoblins (D:1)
  A quokka (D:2)
  A frilled lizard (D:1)
  4 goblins (D:1)
  3 kobolds (D:1)
  6 rats
25 creatures vanquished.

Notes
Turn   | Place    | Note
-------+----------+-------------------------------------------
     0 | D:1      | Geeful the Kobold Enchanter began the quest for the Orb.
     0 | D:1      | Reached XP level 1. HP: 10/10 MP: 3/3
   219 | D:1      | Reached XP level 2. HP: 15/15 MP: 5/5
   847 | D:1      | Reached XP level 3. HP: 19/19 MP: 6/6
  1075 | D:2      | Found a shadowy altar of Dithmenos.
  1430 | D:2      | Slain by a worker ant

Vault maps used:
D:1:      scummos_arrival_hexagon, minmay_misc_feat_four_crosses
D:2:      evilmike_ruin_ashenzari, nicolae_overflow_crystal_walls

Skill      XL: |  1  2 |
---------------+-------+-----
Short Blades   | 2 |  2.2
Dodging        | |  2.9
Stealth        | |  4.4
Spellcasting   | |  2.5
Hexes          | |  3.2

Action                   || total
-------------------------++-------
Melee: Dagger            ||    83
 Cast: Corona            ||     2
  Use: Potion            ||     2
 Stab: Sleeping          ||    11
  Eat: Chunk             ||     6
Armor: Robe              ||     3
       Skin              ||     5
Dodge: Dodged            ||    42

Table legend:
 A = Non-vault XP
 B = Vault XP
 C = Vault XP percentage of total XP
 D = Non-vault monster count
 E = Vault monster count
 F = Vault count percentage of total count
                 A         B        C        D         E       F
            +---------+---------+-------+---------+---------+-------
      Total |      48 |       0 |   0.0 |      25 |       0 |   0.0
            +---------+---------+-------+---------+---------+-------
        D:1 |      31 |       0 |   0.0 |      21 |       0 |   0.0
        D:2 |      17 |       0 |   0.0 |       4 |       0 |   0.0
            +---------+---------+-------+---------+---------+-------
